 Dungeon Crawl Stone Soup version 0.27.1-2-g3b301248ec (webtiles) character file.

Game seed: 17370261404135991177

2748 nxtlvl the Cleaver (level 9, -9/117 HPs)
             Began as a Black Draconian Berserker on Sept 29, 2021.
             Was an Elder of Trog.
             Mangled by a two-headed ogre (13 damage)
             ... on level 8 of the Dungeon.
             The game lasted 00:30:11 (2396 turns).

nxtlvl the Cleaver (Black Draconian Berserker)      Turns: 2396, Time: 00:30:11

Health: -9/117     AC:  8    Str: 19    XL:     9   Next: 41%
Magic:  9/9        EV: 18    Int:  8    God:    Trog [****..]
Gold:   260        SH:  0    Dex: 14    Spells: 8/8 levels left

rFire    . . .     SeeInvis .   a - +0 hand axe
rCold    . . .     Faith    .   (no shield)
rNeg     . . .     Spirit   .   (armour unavailable)
rPois    .         Reflect  .   (helmet restricted)
rElec    +         Harm     .   (no cloak)
rCorr    .         Rampage  .   c - +0 pair of gloves
Will     .....                  (no boots)
Stlth    ..........             (no amulet)
HPRegen  0.29/turn              v - +4 ring of evasion
MPRegen  0.11/turn              (no ring)

@: berserking (expiring), very quick
A: breathe lightning, AC +7, unfitting armour, electricity resistance,
cold-blooded
a: Breathe Lightning, Renounce Religion, Berserk, Trog's Hand, Brothers in Arms


You were on level 8 of the Dungeon.
You worshipped Trog.
Trog was greatly pleased with you.
You visited 1 branch of the dungeon, and saw 8 of its levels.
You also visited: Ossuary.

You collected 260 gold pieces.

Inventory:

Hand Weapons
 a - a +0 hand axe (weapon)
 b - a +0 shortbow
 A - a +1 vorpal halberd
Missiles
 f - 39 bolts
 o - 57 sling bullets
 q - 54 arrows
Armour
 c - a +0 pair of gloves (worn)
Jewellery
 v - a +4 ring of evasion (left hand)
Wands
 h - a wand of acid (5)
 i - a wand of paralysis (6)
Scrolls
 d - 3 scrolls of identify {unknown}
 g - 2 scrolls of noise {unknown}
 j - a scroll of enchant weapon {unknown}
 k - a scroll of brand weapon {unknown}
 m - 3 scrolls of amnesia {unknown}
 p - a scroll of fear {unknown}
 r - a scroll of enchant armour {unknown}
 u - a scroll of immolation {unknown}
 w - a scroll of magic mapping {unknown}
 x - a scroll of blinking {unknown}
 y - a scroll of summoning {unknown}
Potions
 e - a potion of heal wounds {unknown}
 l - a potion of might {unknown}
 n - a potion of flight {unknown}
 s - a potion of attraction {unknown}
 t - a potion of ambrosia {unknown}
 z - 8 potions of curing {unknown}


   Skills:
 + Level 6.4 Fighting
 * Level 11.1 Axes
 + Level 5.2 Dodging


You had 8 spell levels left.
You didn't know any spells.
Your spell library contained the following spells:

 Spells                   Type           Power      Damage    Failure   Level
 Pain                     Necr           0%         1d4       41%         1
 Agony                    Necr           0%         N/A       100%        5
 Excruciating Wounds      Necr           0%         N/A       100%        5


Dungeon Overview and Level Annotations

Branches:
Dungeon (8/15)             Temple (0/1) D:4         Ossuary (visited)
   Lair: D:8-11

Altars:
Trog
Xom
Zin
The Shining One

Shops:
D:4 (   D:6 :(


Innate Abilities, Weirdness & Mutations

You can breathe wild blasts of lightning.
Your glossy black scales are hard. (AC +7)
You cannot fit into any form of body armour.
You are resistant to electric shocks. (rElec)
You are cold-blooded and may be slowed by cold attacks.


Message History

* * * LOW HITPOINT WARNING * * *
The troll misses you. The troll claws you!
* * * LOW HITPOINT WARNING * * *
You closely miss the troll. You tail-slap the troll.
You kill the troll!
Trog accepts your kill.
You closely miss the gnoll. You barely miss the two-headed ogre.
The gnoll barely misses you.
You slash the killer bee!
The killer bee is heavily wounded.
You slash the gnoll!
You kill the gnoll!
Trog accepts your kill.
You hit the two-headed ogre. The killer bee misses you.
The two-headed ogre hits you with a +0 giant club!
* * * LOW HITPOINT WARNING * * *
The two-headed ogre hits you with a +0 dire flail.
* * * LOW HITPOINT WARNING * * *
You slash the killer bee!
You kill the killer bee!
Trog accepts your kill.
You slash the two-headed ogre!
Unknown command.
You slash the two-headed ogre!
The two-headed ogre is heavily wounded.
The two-headed ogre hits you with a +0 giant club.
* * * LOW HITPOINT WARNING * * *
The two-headed ogre hits you with a +0 dire flail!
* * * LOW HITPOINT WARNING * * *
Unknown command.
You slash the two-headed ogre!
The two-headed ogre is severely wounded.
You hit the two-headed ogre.
The two-headed ogre is severely wounded.
Unknown command.
You barely miss the two-headed ogre. You tail-slap the two-headed ogre.
The two-headed ogre is severely wounded.
A killer bee comes into view. x2
The two-headed ogre hits you with a +0 giant club!
You die...

######### #........
#### .....#.#####
y... ######.# y..#
#......# ♣..#
#.###### ♣...## #.#
♣...)# #.# ♣♣@# #.#
♣♣.O# #.# #####
♣♣.♣♣♣♣.)## #.#
#.... ..⌠.....####
#.## #.###
♣♣.♣♣♣♣....# #..#
#.#
♣♣...#####.#####.#
♣♣..............#
♣....######.#######
♣..... #.#


You could see a two-headed ogre and 2 killer bees.

Vanquished Creatures
  A centaur zombie (D:5)
  A troll (D:8)
  Grinder (D:5)
  Sigmund (D:5)
  A wraith (Ossuary)
  A steam dragon (D:7)
  Menkaure (D:6)
  A water moccasin (D:8)
  A black bear (D:5)
  2 ogres
  A centaur (D:7)
  A gnoll sergeant (D:8)
  A bullfrog (D:6)
  A scorpion (D:5)
  A killer bee (D:8)
  A bullfrog zombie (D:6)
  2 jellies
  2 hounds
  3 bullfrog skeletons
  3 orc priests
  2 centaur skeletons
  An iguana (D:6)
  4 orc wizards
  A hound skeleton (D:5)
  A hound zombie (D:5)
  2 mummies
  A howler monkey zombie (D:7)
  8 gnolls
  A river rat (D:5)
  5 adders
  3 ufetubi
  16 orcs
  A bat (D:2)
  4 endoplasms
  A giant cockroach (D:1)
  3 goblins
  2 hobgoblins
  A jackal (D:3)
  A quokka (D:4)
  6 ball pythons
  3 gnoll skeletons (Ossuary)
  A hobgoblin zombie (D:4)
  2 kobolds
  3 kobold skeletons (Ossuary)
  11 orc skeletons (Ossuary)
  4 rats
115 creatures vanquished.

Notes
Turn   | Place    | Note
-------+----------+-------------------------------------------
     0 | D:1      | nxtlvl the Draconian Berserker began the quest for the Orb.
     0 | D:1      | Reached XP level 1. HP: 19/19 MP: 1/1
   129 | D:2      | Reached XP level 2. HP: 25/26 MP: 2/2
   210 | D:3      | Reached skill level 4 in Axes
   212 | D:3      | Noticed an angel
   213 | D:3      | Found a glowing silver altar of Zin.
   214 | D:3      | Found a shimmering altar of Xom.
   280 | D:3      | Found a bloodstained altar of Trog.
   336 | D:3      | Reached XP level 3. HP: 31/31 MP: 3/3
   344 | D:4      | Found Ihim's Weapon Emporium.
   437 | D:4      | Reached ** piety under Trog
   478 | D:4      | Reached skill level 5 in Axes
   478 | D:4      | Reached XP level 4. HP: 13/38 MP: 4/4
   508 | D:4      | Found a glowing golden altar of the Shining One.
   600 | D:4      | Found a sand-covered staircase.
   634 | Ossuary  | Entered an ossuary
   634 | Ossuary  | Noticed a wraith
   634 | Ossuary  | Noticed a wraith
   634 | Ossuary  | Noticed a wraith
   746 | Ossuary  | Reached XP level 5. HP: 45/45 MP: 5/5
   860 | Ossuary  | Noticed a wraith
   881 | Ossuary  | Killed a wraith
   882 | Ossuary  | Reached skill level 6 in Axes
   882 | Ossuary  | Reached XP level 6. HP: 51/51 MP: 6/6
   946 | D:4      | Reached skill level 7 in Axes
   980 | D:4      | Found a staircase to the Ecumenical Temple.
  1033 | D:5      | Entered Level 5 of the Dungeon
  1048 | D:5      | Reached *** piety under Trog
  1097 | D:5      | Noticed Sigmund
  1099 | D:5      | Reached skill level 8 in Axes
  1099 | D:5      | Your scales start taking on a glossy black colour.
  1099 | D:5      | Reached XP level 7. HP: 57/57 MP: 7/7
  1099 | D:5      | Gained mutation: You are resistant to electric shocks.
                  | (rElec) [Black Draconian growth]
  1232 | D:6      | Noticed Menkaure
  1241 | D:6      | Killed Menkaure
  1242 | D:6      | Reached skill level 9 in Axes
  1310 | D:6      | Found Luexku's Book Boutique.
  1310 | D:6      | Found Kolaer's Antique Weapon Emporium.
  1507 | D:6      | Reached XP level 8. HP: 44/66 MP: 8/8
  1586 | D:5      | Killed Sigmund
  1676 | D:5      | Reached skill level 5 in Fighting
  1676 | D:5      | Reached skill level 10 in Axes
  1730 | D:5      | Noticed Grinder
  1738 | D:5      | Killed Grinder
  1959 | D:7      | Reached XP level 9. HP: 75/75 MP: 9/9
  1969 | D:7      | Reached **** piety under Trog
  2316 | D:8      | Reached skill level 5 in Dodging
  2372 | D:8      | Noticed a troll
  2381 | D:8      | Reached skill level 11 in Axes
  2385 | D:8      | Noticed a two-headed ogre
  2390 | D:8      | Killed a troll
  2393 | D:8      | HP: 4/117 [two-headed ogre (13)]
  2396 | D:8      | Mangled by a two-headed ogre

Illustrated notes

Levels and vault maps discovered:
D:1:      erik_arrival_cave_to_civilisation [erik_arrival_cave_to_hall],
          layout_basic, minivault_27
D:2:      layout_loops_ring, basic_altar, serial_shops,
          nicolae_shop_behind_doors
D:3:      layout_loops_ring, grunt_temple_overflow_order_and_chaos_1,
          marbit_many_paths, old_standard_altar, lemuel_round_altar,
          serial_glass, glass_columns_a, glass_columns_b, glass_columns_b,
          glass_columns_b, glass_columns_a, glass_columns_b, chequers_garden,
          solitary_fountain, minmay_bisected
D:4:      layout_rooms, nicolae_tso_carved_into_rock,
          minmay_temple_entry_mini_moons, serial_shops, nicolae_stop_n_shop_2,
          nicolae_ossuary_entry_giza
D:5:      wander_guarded_unrand_ratskin, layout_rooms,
          kennysheep_orc_sif_temple, serial_shops, nicolae_shop_waterfront,
          uniq_sigmund, uniq_blork_the_orc, uniq_ijyb, uniq_grinder
D:6:      layout_loops_ring, serial_shops, nicolae_shop_statue_plus, shop,
          minivault_14, uniq_menkaure
D:7:      layout_basic, grunt_decor_mini_mirrors
D:8:      layout_loops_ring, lemuel_tele_altar, gammafunk_temple_overflow_pools,
          serial_shops, shop, minivault_5, kb_rosetta

Skill      XL: |  1  2  3  4  5  6  7  8  9 |
---------------+----------------------------+-----
Axes           | 4 5 6 8 9 10 11 | 11.1
Dodging        | 3 4 5 |  5.2
Fighting       | 4 5 6 |  6.4

Action                   |  1- 3 |  4- 6 |  7- 9 || total
-------------------------+-------+-------+-------++-------
Melee: Hand axe          |    76 |   108 |   201 ||   385
       Tailslap          |     5 |     9 |    28 ||    42
 Fire: Shortbow          |       |       |     8 ||     8
Invok: Berserk           |     2 |     6 |     9 ||    17
       Trog's Hand       |       |       |     2 ||     2
 Abil: Breathe Lightning |       |       |     8 ||     8
Evoke: Wand              |       |     1 |       ||     1
Armor: Skin              |    21 |    29 |    52 ||   102
Dodge: Dodged            |    46 |    42 |   159 ||   247
